 Dungeon Crawl Stone Soup version 0.17-a0-1778-gd369669 (webtiles) character file.

571 ololoev the Poker (level 7, 55/55 HPs)
             Began as a Black Draconian Skald on Sept 8, 2015.
             Quit the game on level 4 of the Dungeon.
             The game lasted 00:10:07 (4053 turns).

ololoev the Poker (Black Draconian Skald)           Turns: 4053, Time: 00:10:07

Health: 55/55      AC:  6    Str: 14    XL:     7   Next: 12%
Magic:  6/10       EV: 12    Int: 12    God:
Gold:   82         SH:  0    Dex: 13    Spells: 2 memorised, 7 levels left

rFire  . . .     SeeInvis .     a - +0 spear
rCold  . . .     Clarity  .     (armour unavailable)
rNeg   . . .     SustAt   .     (no shield)
rPois  .         Gourm    .     (helmet restricted)
rElec  +         Spirit   .     (no cloak)
rCorr  .         Warding  .     (no gloves)
rMut   .         Stasis   .     (no boots)
MR     .....                    m - amulet of regeneration
Stlth  +.........               (no ring)
                                (no ring)

@: confused, infused, very slightly contaminated, not resistant to hostile
enchantments, very unstealthy
A: breathe lightning, unfitting armour, electricity resistance, cold-blooded, AC
+6
a: Breathe Lightning


Innate Abilities, Weirdness & Mutations

You can breathe wild blasts of lightning.
Your glossy black scales are hard (AC +6).
Your body does not fit into most forms of armour.
You are resistant to electric shocks.
You are cold-blooded and may be slowed by cold attacks.

Inventory:

Hand weapons
 a - a +0 spear (weapon)
Armour
 q - a +0 buckler
Jewellery
 m - an amulet of regeneration (around neck)
Magical devices
 e - a wand of fireball (1)
Scrolls
 f - 2 scrolls of blinking {unknown}
 g - 3 scrolls of identify {unknown}
 h - a scroll of magic mapping {unknown}
 k - a scroll of remove curse {unknown}
Potions
 d - a potion of resistance {unknown}
 i - a potion of invisibility {unknown}
 j - a potion of might {unknown}
 o - a potion of heal wounds {unknown}
Books
 b - a book of Battle

   Spells                             Type                      Level
   a - Infusion                       Charms                       1
   b - Shroud of Golubria             Charms/Translocation         2
   c - Song of Slaying                Charms                       2
   d - Spectral Weapon                Hexes/Charms                 3
   e - Regeneration                   Charms/Necromancy            3
Comestibles
 c - 5 bread rations
 l - a beef jerky


   Skills:
 - Level 2.1 Fighting
 + Level 7.0 Polearms
 - Level 1.3 Dodging
 - Level 2.0 Spellcasting
 - Level 2.6 Charms
 + Level 3.2 Evocations


You had 7 spell levels left.
You knew the following spells:

 Your Spells              Type           Power        Failure   Level  Hunger
a - Infusion              Chrm           #.....       12%         1    ##.....
b - Song of Slaying       Chrm           #.......     14%         2    ###....


You were on level 4 of the Dungeon.
You were hungry.

You visited 1 branch of the dungeon, and saw 4 of its levels.

You collected 82 gold pieces.

#.# #..#.....
#.#
##.#..##..
#.#
###.........
#.#
.#...........
#.#
........#....
#.#
.#...........
#.#
#............
#.#
..........[.(
#@#
.#...........
#)#
##.....#....
...
##...######
..%.. ##.#
......# ##
....$..#
........#
###### #
#........#
#....####
#........

Notes
Turn   | Place    | Note
--------------------------------------------------------------
     0 | D:1      | ololoev the Draconian Skald began the quest for the Orb.
     0 | D:1      | Reached XP level 1. HP: 17/17 MP: 3/3
   317 | D:1      | Reached XP level 2. HP: 24/24 MP: 5/5
   321 | D:1      | Learned a level 2 spell: Song of Slaying
   447 | D:1      | Reached skill level 3 in Polearms
   900 | D:2      | Reached XP level 3. HP: 25/29 MP: 6/6
  1156 | D:2      | Found a shattered altar of Ashenzari.
  1619 | D:2      | Reached skill level 4 in Polearms
  1734 | D:2      | Found a deep blue altar of Sif Muna.
  1975 | D:3      | Noticed a giant frog
  1990 | D:3      | Killed a giant frog
  1990 | D:3      | Reached skill level 5 in Polearms
  1990 | D:3      | Reached XP level 4. HP: 22/36 MP: 2/7
  2154 | D:3      | Reached XP level 5. HP: 33/41 MP: 8/8
  2457 | D:3      | Reached skill level 6 in Polearms
  3149 | D:4      | Reached skill level 1 in Evocations
  3149 | D:4      | Reached XP level 6. HP: 35/48 MP: 1/9
  3706 | D:4      | Noticed an ogre
  3824 | D:4      | Killed an ogre
  4043 | D:4      | Noticed Sigmund
  4052 | D:4      | Killed Sigmund
  4052 | D:4      | Reached skill level 7 in Polearms
  4052 | D:4      | Your scales start taking on a glossy black colour.
  4052 | D:4      | Gained mutation: You are resistant to electric shocks. [Black Draconian growth]
  4052 | D:4      | Reached XP level 7. HP: 55/55 MP: 6/10
  4053 | D:4      | Quit the game

Dungeon Overview and Level Annotations

Branches:
Dungeon (4/15)
 Temple: D:4-7

Altars:
Ashenzari
Sif Muna


Message History

The fireball explodes!
The fireball engulfs Sigmund.
Sigmund is almost dead.
Evoking this partially-identified wand wasted a few charges.
Sigmund gestures at you while chanting. You resist with some effort.
Evoke which item? (* to show all) (? for menu, Esc to quit)
Okay, then.
Casting: Song of Slaying
Confirm with . or Enter, or press ? or * to list all spells.
You miscast Infusion.
You are very lightly contaminated with residual magic.
Nothing appears to happen.
Casting: Infusion
Confirm with . or Enter, or press ? or * to list all spells.
You begin infusing your attacks with magical energy.
Attack whom?
Press: ? - help, Dir - move target cursor, f/p - Sigmund
Aim: Sigmund, wielding a scythe and wearing a robe (almost dead)
You reach to attack!
You barely miss Sigmund.
Sigmund is almost dead.
Sigmund casts a spell at you.
You are confused.
You are too confused!
Sigmund mumbles some strange words.
Sigmund flickers and vanishes!
Deactivating autopickup; reactivate with Ctrl-A.
You bump into the rock wall.
Something hits you but does no damage.
You completely miss something. You tail-slap something.
You are feeling hungry.
You hit something.
Reactivating autopickup.
Your Polearms skill increases to level 7!
Your Evocations skill increases to level 3!
You have reached level 7!
Your scales start taking on a glossy black colour.
You feel insulated.
You feel a bit more experienced.
Are you sure you want to abandon this character and quit the game? (Confirm with "yes".)
Okay, then.
Are you sure you want to abandon this character and quit the game? (Confirm with "yes".)

There were no monsters in sight!

Vanquished Creatures
  Sigmund (D:4)
  An ogre (D:4)
  A giant frog (D:3)
  2 orc wizards
  A hound (D:4)
  An orc priest (D:3)
  A worker ant zombie (D:3)
  3 adders
  2 adder skeletons
  3 worms
  9 orcs
  A ball python (D:2)
  2 giant cockroaches
  4 goblins
  8 hobgoblins
  11 jackals
  3 kobolds
  3 quokkas
  7 bats
  3 giant geckos
  A giant gecko skeleton (D:3)
  5 giant newts
  A quokka skeleton (D:3)
  7 rats
81 creatures vanquished.

Action                   |  1- 3 |  4- 6 |  7- 9 || total
-------------------------+-------+-------+-------++-------
Melee: Spear             |   162 |   209 |       ||   371
 Cast: Song of Slaying   |     6 |     6 |       ||    12
       Infusion          |     2 |     8 |       ||    10
Evoke: Wand              |       |     5 |       ||     5
  Use: Potion            |     2 |     3 |       ||     5
 Stab: Distracted        |     1 |       |       ||     1
  Eat: Chunk             |     4 |     8 |       ||    12

Vault maps used:
D:1:      moated_graveyard_arrival
D:2:      led_sif_pool, nicolae_overflow_hidden_temple
D:3:      serial_undead, serial_undead_f, serial_undead_f, serial_undead_f,
          serial_undead_f
D:4:      minmay_temple_entry_fiery, first_bread, uniq_sigmund
